[Event "FICS rated blitz game"]
[Site "FICS freechess.org"]
[FICSGamesDBGameNo "20002565"]
[White "JVC"]
[Black "JaiMan"]
[WhiteElo "1207"]
[BlackElo "1348"]
[WhiteRD "na"]
[BlackRD "na"]
[TimeControl "300+0"]
[Date "1999.10.12"]
[Time "22:25:00"]
[WhiteClock "0:05:00.000"]
[BlackClock "0:05:00.000"]
[ECO "C40"]
[PlyCount "56"]
[Result "0-1"]

1. e4 e5 2. Nf3 Be7 3. Nxe5 Nf6 4. Nc3 O-O 5. Nf3 d6 6. d4 Bg4 7. Be2 Bh5 8. e5 dxe5 9. dxe5 Qxd1+ 10. Bxd1 Nfd7 11. O-O Bxf3 12. Bxf3 c6 13. Bf4 Nc5 14. b3 Ne6 15. Rad1 Nxf4 16. Rd7 Bb4 17. g3 Nh3+ 18. Kg2 Nxf2 19. Rxf2 Bxc3 20. Rxb7 Bxe5 21. Bxc6 Nxc6 22. c4 Bf6 23. Re2 Nd4 24. Rd2 Rae8 25. Rxa7 Re2+ 26. Rxe2 Nxe2 27. Rb7 g6 28. c5 Nd4 {White forfeits on time} 0-1

[Event "FICS rated blitz game"]
[Site "FICS freechess.org"]
[FICSGamesDBGameNo "20002564"]
[White "claveci"]
[Black "JVC"]
[WhiteElo "1294"]
[BlackElo "1207"]
[WhiteRD "na"]
[BlackRD "na"]
[TimeControl "120+12"]
[Date "1999.10.12"]
[Time "22:20:00"]
[WhiteClock "0:02:00.000"]
[BlackClock "0:02:00.000"]
[ECO "C47"]
[PlyCount "92"]
[Result "0-1"]

1. e4 e5 2. Nf3 Nc6 3. Nc3 Nf6 4. d4 d6 5. d5 Nd4 6. Nxd4 exd4 7. Qxd4 Bd7 8. Nb5 a6 9. Nc3 Qe7 10. Bd3 g6 11. Bd2 c5 12. Qe3 Ng4 13. Qg3 Bg7 14. O-O O-O 15. Rab1 h5 16. h3 h4 17. Qf3 Ne5 18. Qe2 Bb5 19. a3 c4 20. Nxb5 axb5 21. f4 Nxd3 22. cxd3 Qc7 23. Qg4 cxd3 24. Qxh4 Qc5+ 25. Kh1 Qc2 26. Qf2 Bxb2 27. f5 Bxa3 28. Rxb5 Bc5 29. Qf4 Ra2 30. Rf3 Ra1+ 31. Kh2 Bg1+ 32. Kg3 Ra2 33. Rxb7 Qxd2 34. f6 Qxg2+ 35. Kh4 Bf2+ 36. Rg3 Bxg3+ 37. Qxg3 Qxg3+ 38. Kxg3 d2 39. Rb1 Rfa8 40. Rd1 Ra1 41. Rxd2 R8a2 42. Rd4 Ra3+ 43. Kg4 Ra4 44. Rd3 Rxe4+ 45. Kg5 Rg1+ 46. Kh6 Rh4# {White checkmated} 0-1

[Event "FICS rated lightning game"]
[Site "FICS freechess.org"]
[FICSGamesDBGameNo "20002563"]
[White "Wiseguy"]
[Black "Woulfe"]
[WhiteElo "1346"]
[BlackElo "1429"]
[WhiteRD "na"]
[BlackRD "na"]
[TimeControl "120+1"]
[Date "1999.10.12"]
[Time "21:22:00"]
[WhiteClock "0:02:00.000"]
[BlackClock "0:02:00.000"]
[ECO "C41"]
[PlyCount "87"]
[Result "1-0"]

1. e4 e5 2. Nf3 d6 3. Bc4 Bg4 4. Nc3 c6 5. b4 Qf6 6. Be2 b5 7. d3 h6 8. O-O Bxf3 9. Bxf3 Qh4 10. Bb2 Nf6 11. d4 Nbd7 12. dxe5 Nxe5 13. a4 Neg4 14. h3 Ne5 15. axb5 cxb5 16. Nxb5 Rc8 17. Nxd6+ Bxd6 18. Qxd6 Nxf3+ 19. gxf3 Qg5+ 20. Qg3 Nh5 21. Qxg5 hxg5 22. Rxa7 Nf4 23. Kh2 Rxh3+ 24. Kg1 Rxc2 25. Be5 Ne2+ 26. Kg2 Rh4 27. Ra8+ Kd7 28. Ra7+ Kc6 29. Rc7+ Kb5 30. Rxc2 Nf4+ 31. Bxf4 gxf4 32. Rh1 Rxh1 33. Kxh1 Kxb4 34. Kh2 g5 35. Kh3 Kb3 36. Rd2 Kc3 37. Rd4 Kxd4 38. Kg4 f6 39. Kf5 Kd3 40. Kxf6 Ke2 41. Kxg5 Kxf3 42. e5 Kxf2 43. Kxf4 Ke2 44. e6 {Black resigns} 1-0

[Event "FICS rated lightning game"]
[Site "FICS freechess.org"]
[FICSGamesDBGameNo "20002562"]
[White "MACOTO"]
[Black "MrButts"]
[WhiteElo "1692"]
[BlackElo "1326"]
[WhiteRD "na"]
[BlackRD "na"]
[TimeControl "0+3"]
[Date "1999.10.12"]
[Time "21:06:00"]
[WhiteClock "0:10.000"]
[BlackClock "0:10.000"]
[ECO "E70"]
[PlyCount "63"]
[Result "1-0"]

1. d4 g6 2. c4 Bg7 3. Nc3 Nf6 4. e4 O-O 5. f3 c6 6. e5 Ne8 7. f4 d6 8. Nf3 dxe5 9. fxe5 Bf5 10. Bd3 Bxd3 11. Qxd3 c5 12. d5 e6 13. d6 Nc6 14. Bf4 a6 15. O-O Nb4 16. Qd2 Nc6 17. a3 Qd7 18. h3 b5 19. cxb5 axb5 20. Nxb5 Na5 21. Nc3 Nb3 22. Qc2 Nxa1 23. Rxa1 Bh8 24. Re1 Ng7 25. Bh6 Rfb8 26. g4 Rb6 27. Ne4 Qc6 28. Nf6+ Kf8 29. Nxh7+ Kg8 30. Nf6+ Kf8 31. Ng5 c4 32. Ngh7# {Black checkmated} 1-0

[Event "FICS rated blitz game"]
[Site "FICS freechess.org"]
[FICSGamesDBGameNo "20002561"]
[White "rnolet"]
[Black "UPRISING"]
[WhiteElo "1464"]
[BlackElo "1499"]
[WhiteRD "na"]
[BlackRD "na"]
[TimeControl "120+12"]
[Date "1999.10.12"]
[Time "20:10:00"]
[WhiteClock "0:02:00.000"]
[BlackClock "0:02:00.000"]
[ECO "A52"]
[PlyCount "135"]
[Result "1-0"]

1. d4 Nf6 2. c4 e5 3. dxe5 Ng4 4. Nc3 Bb4 5. Bd2 Nxe5 6. e3 O-O 7. Nf3 Nxf3+ 8. Qxf3 Nc6 9. a3 Bxc3 10. Bxc3 Qg5 11. Bd3 d6 12. h4 Qe7 13. h5 Ne5 14. Qe2 Bg4 15. f3 Nxd3+ 16. Qxd3 Bd7 17. Qd4 f6 18. O-O-O a5 19. Qd5+ Be6 20. Qd3 Bf7 21. e4 Rad8 22. Bxa5 b6 23. Bc3 c6 24. Rd2 d5 25. exd5 cxd5 26. cxd5 Rxd5 27. Qe2 Qxe2 28. Rxe2 h6 29. g4 Rd3 30. Rf1 Rd7 31. Rfe1 Rc7 32. Re7 Rfc8 33. Rxc7 Rxc7 34. Kd2 b5 35. b4 Ra7 36. Bb2 Bd5 37. Re3 Rd7 38. Kc3 Kf7 39. Kc2 Rc7+ 40. Kd3 Rc4 41. Kd2 Rf4 42. Rd3 Bxf3 43. Ke3 Be4 44. Rd7+ Ke6 45. Rxg7 Rf1 46. Kxe4 Rb1 47. Bd4 Rb3 48. Rg6 Rxa3 49. Rxf6+ Ke7 50. Rxh6 Rb3 51. Bc5+ Kf7 52. g5 Kg7 53. Rb6 Rb1 54. Rxb5 Rh1 55. h6+ Kg6 56. Be7 Re1+ 57. Kf4 Rxe7 58. Rb6+ Kh7 59. Kf5 Rf7+ 60. Rf6 Rb7 61. Ke6 Rxb4 62. Rf7+ Kg6 63. Rg7+ Kh5 64. h7 Rb6+ 65. Kd5 Rb5+ 66. Kc6 Rxg5 67. h8=Q+ Kg4 68. Rxg5+ {Black resigns} 1-0

[Event "FICS rated blitz game"]
[Site "FICS freechess.org"]
[FICSGamesDBGameNo "20002560"]
[White "foxhunter"]
[Black "ivolvo"]
[WhiteElo "1580"]
[BlackElo "1511"]
[WhiteRD "na"]
[BlackRD "na"]
[TimeControl "120+8"]
[Date "1999.10.12"]
[Time "18:06:00"]
[WhiteClock "0:02:00.000"]
[BlackClock "0:02:00.000"]
[ECO "D53"]
[PlyCount "46"]
[Result "0-1"]

1. d4 d5 2. c4 e6 3. Nc3 Nf6 4. Bg5 Be7 5. Nf3 b6 6. cxd5 Nxd5 7. Bxe7 Nxe7 8. e3 Bb7 9. Bd3 Nd7 10. O-O O-O 11. Rc1 c5 12. Re1 Nf6 13. e4 cxd4 14. e5 Ng4 15. Nxd4 Nxf2 16. Bxh7+ Kxh7 17. Kxf2 Ng6 18. Re3 Qh4+ 19. Rg3 Rad8 20. Nf3 Rxd1 21. Nxh4 Rxc1 22. Nxg6 fxg6+ 23. Rf3 Bxf3 {White resigns} 0-1

[Event "FICS rated blitz game"]
[Site "FICS freechess.org"]
[FICSGamesDBGameNo "20002558"]
[White "diaphanous"]
[Black "Meowrus"]
[WhiteElo "2000"]
[BlackElo "1949"]
[WhiteRD "na"]
[BlackRD "na"]
[TimeControl "180+1"]
[Date "1999.10.12"]
[Time "17:42:00"]
[WhiteClock "0:03:00.000"]
[BlackClock "0:03:00.000"]
[ECO "E81"]
[PlyCount "127"]
[Result "1-0"]

1. d4 Nf6 2. c4 g6 3. Nc3 Bg7 4. e4 O-O 5. f3 d6 6. Bg5 c5 7. d5 e5 8. Qd2 Nbd7 9. h4 h5 10. Nh3 Qe8 11. Nf2 Nh7 12. Bh6 f5 13. Bxg7 Kxg7 14. g4 f4 15. g5 Rf7 16. Bh3 Nb6 17. b3 Bxh3 18. Nxh3 Nf8 19. O-O Nc8 20. Kg2 a6 21. a4 b6 22. Rfb1 Rb8 23. b4 Rfb7 24. Rb2 Nd7 25. Rab1 Ne7 26. Nf2 Qc8 27. a5 bxa5 28. bxa5 Rb4 29. Na2 Rxc4 30. Rxb8 Nxb8 31. Qb2 Nd7 32. Qb7 Kf7 33. Qa7 Rc2 34. Rb7 Ke8 35. Rc7 Qd8 36. Nb4 cxb4 37. Rxc2 Nc5 38. Rxc5 dxc5 39. Qxc5 b3 40. Nd3 Qb8 41. d6 b2 42. Qxe5 Qxd6 43. Qxd6 b1=Q 44. Qxa6 Qc2+ 45. Nf2 Qe2 46. Qxe2 Nc6 47. Qc2 Kd7 48. Qa4 Kd6 49. Qxc6+ Kxc6 50. Nd3 Kb5 51. Nxf4 Kxa5 52. Nxg6 Kb5 53. Nf4 Kc4 54. Nxh5 Kd4 55. g6 Ke5 56. g7 Kd6 57. g8=Q Kc5 58. Qd5+ Kb6 59. Nf4 Kc7 60. Nd3 Kc8 61. Qd6 Kb7 62. Nc5+ Ka7 63. Qc7+ Ka8 64. Qb7# {Black checkmated} 1-0

[Event "FICS rated blitz game"]
[Site "FICS freechess.org"]
[FICSGamesDBGameNo "20002557"]
[White "DocBrock"]
[Black "Pulle"]
[WhiteElo "1219"]
[BlackElo "1205"]
[WhiteRD "na"]
[BlackRD "na"]
[TimeControl "120+12"]
[Date "1999.10.12"]
[Time "15:37:00"]
[WhiteClock "0:02:00.000"]
[BlackClock "0:02:00.000"]
[ECO "B21"]
[PlyCount "68"]
[Result "0-1"]

1. e4 c5 2. f4 e6 3. Nf3 Nc6 4. Bb5 d6 5. Bxc6+ bxc6 6. O-O Nf6 7. Nc3 Be7 8. d4 cxd4 9. Nxd4 Bb7 10. a4 O-O 11. a5 a6 12. Bd2 c5 13. Nf3 Nxe4 14. Nxe4 Bxe4 15. Qe2 Bxc2 16. Ne1 Bf5 17. h4 Rb8 18. g4 Be4 19. Qxe4 d5 20. Qh1 Rxb2 21. Bc3 Rb3 22. Bd2 c4 23. Nf3 Bc5+ 24. Kg2 Qf6 25. Kg3 Rfb8 26. g5 Qf5 27. Qh3 Qd3 28. Ra2 Rb2 29. Rxb2 Rxb2 30. Rf2 Bxf2+ 31. Kxf2 Rxd2+ 32. Kg3 Qe3 33. Kg4 Ra2 34. Ne5 Qe2+ {White resigns} 0-1

[Event "FICS rated blitz game"]
[Site "FICS freechess.org"]
[FICSGamesDBGameNo "20002556"]
[White "adal"]
[Black "Funs"]
[WhiteElo "1713"]
[BlackElo "1819"]
[WhiteRD "na"]
[BlackRD "na"]
[TimeControl "300+0"]
[Date "1999.10.12"]
[Time "15:09:00"]
[WhiteClock "0:05:00.000"]
[BlackClock "0:05:00.000"]
[ECO "D85"]
[PlyCount "78"]
[Result "0-1"]

1. d4 Nf6 2. c4 g6 3. Nc3 d5 4. cxd5 Nxd5 5. e4 Nxc3 6. bxc3 Bg7 7. Be3 c5 8. Qd2 Qa5 9. Rc1 cxd4 10. cxd4 Qxd2+ 11. Bxd2 Nc6 12. d5 Nd4 13. Bc3 O-O 14. Ne2 Nxe2 15. Bxe2 Bxc3+ 16. Rxc3 e6 17. d6 e5 18. O-O Be6 19. Bc4 Bxc4 20. Rxc4 Rac8 21. Rfc1 Rxc4 22. Rxc4 Rd8 23. f3 Rxd6 24. Rc7 Rb6 25. Rc2 Kf8 26. Kf2 Ke7 27. g4 Kd6 28. Kg3 Rb1 29. Rd2+ Ke7 30. Rc2 a5 31. Kh4 b5 32. Rc7+ Kf6 33. Rc6+ Kg7 34. Ra6 a4 35. Rb6 b4 36. Kg3 b3 37. axb3 axb3 38. Kg2 b2 39. Kf2 Rh1 {White resigns} 0-1

[Event "FICS rated blitz game"]
[Site "FICS freechess.org"]
[FICSGamesDBGameNo "20002555"]
[White "strike"]
[Black "Restless"]
[WhiteElo "1693"]
[BlackElo "1951"]
[WhiteRD "na"]
[BlackRD "na"]
[TimeControl "300+0"]
[Date "1999.10.12"]
[Time "15:04:00"]
[WhiteClock "0:05:00.000"]
[BlackClock "0:05:00.000"]
[ECO "B38"]
[PlyCount "75"]
[Result "1-0"]

1. e4 c5 2. Nf3 Nc6 3. d4 cxd4 4. Nxd4 g6 5. c4 Bg7 6. Be3 Nf6 7. Nc3 O-O 8. Be2 d6 9. O-O Bd7 10. f3 Nxd4 11. Bxd4 Bc6 12. Qd2 a5 13. Rab1 a4 14. b4 axb3 15. axb3 Nd7 16. b4 b6 17. Bxg7 Kxg7 18. Qd4+ f6 19. Nd5 e5 20. Qd2 Kf7 21. Nc3 Qc7 22. Rfd1 Ke7 23. Nd5+ Bxd5 24. Qxd5 Ra2 25. Bf1 Rfa8 26. c5 bxc5 27. Bc4 R2a4 28. Qf7+ Kd8 29. Qg8+ Ke7 30. Qxh7+ Kd8 31. Qg8+ Ke7 32. Qe6+ Kd8 33. Rxd6 Qa7 34. Rbd1 cxb4+ 35. Kh1 Ra1 36. Rxd7+ Kc8 37. Qc6+ Kb8 38. Rd8# {Black checkmated} 1-0

[Event "FICS rated blitz game"]
[Site "FICS freechess.org"]
[FICSGamesDBGameNo "20002554"]
[White "blunt"]
[Black "Fcorego"]
[WhiteElo "1530"]
[BlackElo "1543"]
[WhiteRD "na"]
[BlackRD "na"]
[TimeControl "180+1"]
[Date "1999.10.12"]
[Time "14:08:00"]
[WhiteClock "0:03:00.000"]
[BlackClock "0:03:00.000"]
[ECO "B34"]
[PlyCount "146"]
[Result "0-1"]

1. e4 c5 2. Nf3 Nc6 3. d4 cxd4 4. Nxd4 g6 5. Nc3 Bg7 6. Be3 Nf6 7. f3 O-O 8. Qd2 d5 9. O-O-O dxe4 10. Nxe4 Nxd4 11. Nxf6+ Bxf6 12. Bxd4 Bxd4 13. Qxd4 Qxd4 14. Rxd4 Be6 15. Bb5 a6 16. Ba4 b5 17. Bb3 Bxb3 18. axb3 Rad8 19. Rhd1 Rxd4 20. Rxd4 Ra8 21. Rd7 Kf8 22. Kd2 Ke8 23. Rc7 Rd8+ 24. Ke3 Rd6 25. c4 bxc4 26. bxc4 Rb6 27. f4 Rxb2 28. Kf3 Rb3+ 29. Kg4 Rc3 30. Ra7 Rxc4 31. Rxa6 e6 32. Ra7 Kf8 33. g3 Kg7 34. Kg5 Rc2 35. h3 Rc3 36. Kg4 Kf6 37. Ra6 h6 38. h4 h5+ 39. Kh3 Kf5 40. Kg2 Rd3 41. Ra5+ Rd5 42. Ra7 f6 43. Kf3 Rd3+ 44. Kf2 e5 45. Ra5 Rd2+ 46. Kf3 Rd3+ 47. Kf2 Rd4 48. fxe5 fxe5 49. Kf3 Rg4 50. Kf2 Ke4 51. Ra4+ Kd3 52. Ra3+ Kc2 53. Re3 e4 54. Re2+ Kd3 55. Re3+ Kd4 56. Re2 Kc3 57. Ke3 Rxg3+ 58. Kxe4 Rg4+ 59. Ke5 Rxh4 60. Kf6 Rg4 61. Rh2 Kd3 62. Rf2 Ke4 63. Kg7 h4 64. Kh6 g5 65. Kh5 Rg3 66. Rf7 h3 67. Rf1 g4 68. Kh4 Rg2 69. Re1+ Kf3 70. Rf1+ Ke2 71. Rf4 h2 72. Re4+ Kf3 73. Re3+ Kxe3 {White resigns} 0-1

[Event "FICS rated lightning game"]
[Site "FICS freechess.org"]
[FICSGamesDBGameNo "20002553"]
[White "tomber"]
[Black "adeptly"]
[WhiteElo "1698"]
[BlackElo "1398"]
[WhiteRD "na"]
[BlackRD "na"]
[TimeControl "120+0"]
[Date "1999.10.12"]
[Time "14:03:00"]
[WhiteClock "0:02:00.000"]
[BlackClock "0:02:00.000"]
[ECO "B30"]
[PlyCount "66"]
[Result "1-0"]

1. e4 c5 2. Nf3 Nc6 3. Bc4 e6 4. O-O Nge7 5. c3 a6 6. d4 d5 7. exd5 exd5 8. Bb3 cxd4 9. cxd4 Be6 10. Bg5 Qb6 11. Nc3 Nf5 12. Na4 Qc7 13. Rc1 b5 14. Nc5 Qb6 15. Nxe6 fxe6 16. Rxc6 Qxc6 17. Ne5 Qb6 18. Qh5+ g6 19. Nxg6 Rg8 20. Nxf8+ Kxf8 21. Be3 Nxd4 22. Bxd4 Qxd4 23. Qf3+ Ke7 24. Rd1 Qf6 25. Qe2 Rgf8 26. Bxd5 Rad8 27. Bf3 Rxd1+ 28. Qxd1 e5 29. Qd5 e4 30. Qxe4+ Qe6 31. Qxe6+ Kxe6 32. Kf1 Rd8 33. Ke2 Rc8 {Black forfeits on time} 1-0

[Event "FICS rated blitz game"]
[Site "FICS freechess.org"]
[FICSGamesDBGameNo "20002552"]
[White "WhiteNoise"]
[Black "Shotokan"]
[WhiteElo "1397"]
[BlackElo "1575"]
[WhiteRD "na"]
[BlackRD "na"]
[TimeControl "300+0"]
[Date "1999.10.12"]
[Time "13:43:00"]
[WhiteClock "0:05:00.000"]
[BlackClock "0:05:00.000"]
[ECO "B22"]
[PlyCount "113"]
[Result "1-0"]

1. e4 c5 2. c3 d5 3. exd5 Qxd5 4. d4 e5 5. Qf3 Qxf3 6. Nxf3 exd4 7. cxd4 Nf6 8. Bb5+ Bd7 9. Bxd7+ Nbxd7 10. dxc5 Bxc5 11. O-O O-O 12. Nc3 Rfe8 13. h3 Rac8 14. Bg5 a6 15. Bxf6 Nxf6 16. Rfe1 Bb4 17. Rxe8+ Rxe8 18. Re1 Rxe1+ 19. Nxe1 g5 20. Nd3 Ba5 21. b4 Bb6 22. Na4 Bd4 23. Nac5 Bxc5 24. Nxc5 Nd5 25. a3 a5 26. bxa5 Nc7 27. Nxb7 f5 28. Nc5 Kf7 29. a6 Na8 30. Kf1 Ke7 31. Ke2 Kd6 32. Nb7+ Kc7 33. Kd3 Kb6 34. Nd6 f4 35. Nf7 Kxa6 36. Nxg5 Nc7 37. Nxh7 Kb5 38. g3 fxg3 39. fxg3 Kc5 40. Nf6 Kd6 41. Ke4 Ke6 42. Ng4 Ne8 43. a4 Nd6+ 44. Kf4 Nc4 45. Ne3 Na5 46. h4 Kf6 47. g4 Kg6 48. h5+ Kh6 49. Kf5 Nc6 50. Nc4 Ne7+ 51. Kf4 Nd5+ 52. Ke5 Nb4 53. Kf6 Nc6 54. g5+ Kxh5 55. g6 Kh6 56. a5 Ne5 57. Nxe5 {Black forfeits on time} 1-0

[Event "FICS rated lightning game"]
[Site "FICS freechess.org"]
[FICSGamesDBGameNo "20002551"]
[White "Keesie"]
[Black "Veit"]
[WhiteElo "1817"]
[BlackElo "1739"]
[WhiteRD "na"]
[BlackRD "na"]
[TimeControl "60+0"]
[Date "1999.10.12"]
[Time "13:17:00"]
[WhiteClock "0:01:00.000"]
[BlackClock "0:01:00.000"]
[ECO "C44"]
[PlyCount "51"]
[Result "1/2-1/2"]

1. e4 e5 2. Nf3 Nc6 3. c3 Bc5 4. d4 exd4 5. cxd4 Bb6 6. Nc3 d6 7. Bb5 Ne7 8. d5 a6 9. Qa4 axb5 10. Qxa8 Nb4 11. O-O Nc2 12. Rb1 O-O 13. Nxb5 Nb4 14. Qa4 Nd3 15. Be3 Ng6 16. Bxb6 cxb6 17. Rfd1 Qf6 18. Rxd3 Nf4 19. Rc3 Qg6 20. g3 Bd7 21. Qc4 Ne2+ 22. Kg2 Bxb5 23. Qxb5 Nxc3 24. bxc3 Qxe4 25. Qxb6 h6 26. Qxb7 {Game drawn by mutual agreement} 1/2-1/2

[Event "FICS rated blitz game"]
[Site "FICS freechess.org"]
[FICSGamesDBGameNo "20002550"]
[White "roszi"]
[Black "Bogre"]
[WhiteElo "1399"]
[BlackElo "1621"]
[WhiteRD "na"]
[BlackRD "na"]
[TimeControl "300+0"]
[Date "1999.10.12"]
[Time "13:14:00"]
[WhiteClock "0:05:00.000"]
[BlackClock "0:05:00.000"]
[ECO "A45"]
[PlyCount "85"]
[Result "1-0"]

1. d4 Nf6 2. Bf4 g6 3. Nc3 Bg7 4. Nf3 O-O 5. e4 d6 6. Bc4 c6 7. e5 Nh5 8. Bg3 Nxg3 9. hxg3 b5 10. Bb3 Nd7 11. Ng5 h6 12. Bxf7+ Rxf7 13. Nxf7 Kxf7 14. Qf3+ Kg8 15. e6 Nb6 16. Qf7+ Kh8 17. Qxg6 Qg8 18. O-O-O Bxe6 19. Rde1 Bf7 20. Qg5 e6 21. Ne4 Qh7 22. Nf6 Qg6 23. Qxg6 Bxg6 24. Rxe6 Bf5 25. Rxd6 Rc8 26. Rh5 Nc4 27. Ne4 Bxe4 28. Re6 Bg6 29. Rxg6 Re8 30. Kd1 Re4 31. c3 Nxb2+ 32. Kc1 Nc4 33. Rxc6 Re2 34. Rc8+ Kh7 35. Rc7 Rxa2 36. Rxb5 Na3 37. Rbb7 Rc2+ 38. Kd1 Rxf2 39. Rxg7+ Kh8 40. Rgc7 Rf1+ 41. Ke2 Rf8 42. Rh7+ Kg8 43. Rbg7# {Black checkmated} 1-0

[Event "FICS rated blitz game"]
[Site "FICS freechess.org"]
[FICSGamesDBGameNo "20002549"]
[White "Yar"]
[Black "edlemp"]
[WhiteElo "1662"]
[BlackElo "1796"]
[WhiteRD "na"]
[BlackRD "na"]
[TimeControl "300+0"]
[Date "1999.10.12"]
[Time "11:35:00"]
[WhiteClock "0:05:00.000"]
[BlackClock "0:05:00.000"]
[ECO "B12"]
[PlyCount "43"]
[Result "1-0"]

1. e4 c6 2. Nf3 d5 3. e5 Bf5 4. d4 e6 5. Nc3 Qb6 6. Be2 c5 7. O-O Nc6 8. Na4 Qa5 9. c3 Be4 10. Bd2 c4 11. b4 Qc7 12. Ng5 Bg6 13. g4 Be7 14. Nh3 h5 15. gxh5 Bf5 16. Bg4 Nh6 17. Bxh6 gxh6 18. Bxf5 exf5 19. Nf4 Qd7 20. Nc5 Bxc5 21. bxc5 O-O-O 22. Qa4 {Black resigns} 1-0

[Event "FICS rated blitz game"]
[Site "FICS freechess.org"]
[FICSGamesDBGameNo "20002548"]
[White "OleBrumm"]
[Black "guidog"]
[WhiteElo "1859"]
[BlackElo "1762"]
[WhiteRD "na"]
[BlackRD "na"]
[TimeControl "180+2"]
[Date "1999.10.12"]
[Time "10:00:00"]
[WhiteClock "0:03:00.000"]
[BlackClock "0:03:00.000"]
[ECO "B12"]
[PlyCount "116"]
[Result "1-0"]

1. e4 c6 2. d4 d5 3. e5 Bf5 4. Nf3 e6 5. Be2 c5 6. O-O Nc6 7. c3 cxd4 8. cxd4 Bb4 9. a3 Ba5 10. b4 Bb6 11. Nc3 Nge7 12. Bg5 O-O 13. Rc1 h6 14. Bh4 Qd7 15. Bb5 a6 16. Ba4 Rac8 17. b5 axb5 18. Nxb5 Ng6 19. Nd6 Rb8 20. Nxb7 Qxb7 21. Bxc6 Qa6 22. a4 Bg4 23. Bb5 Qa7 24. Bg3 Bxf3 25. Qxf3 Bxd4 26. Rfe1 Rfc8 27. Rxc8+ Rxc8 28. Qd3 Rc3 29. Qd2 Qc5 30. Bd3 Ne7 31. Kh1 Ra3 32. Rc1 Ra1 33. Bf4 Rxc1+ 34. Qxc1 Qxc1+ 35. Bxc1 Bxf2 36. a5 Nc6 37. a6 Nxe5 38. Bb5 Nc4 39. g3 Nd6 40. Bd3 Nc4 41. Kg2 Ba7 42. Kf3 Kf8 43. Bxc4 dxc4 44. Ke2 Ke7 45. Kd2 Kd6 46. Kc3 Kc6 47. Kxc4 e5 48. Bb2 e4 49. Bxg7 e3 50. Kd3 h5 51. Bh6 Kb5 52. Bxe3 Kxa6 53. Bxa7 Kxa7 54. Ke4 Kb7 55. Kf5 Kc7 56. Kf6 Kd6 57. Kxf7 Ke5 58. Kg6 Ke4 {Black resigns} 1-0

[Event "FICS rated lightning game"]
[Site "FICS freechess.org"]
[FICSGamesDBGameNo "20002547"]
[White "falaleev"]
[Black "AlrickSphynx"]
[WhiteElo "1558"]
[BlackElo "1677"]
[WhiteRD "na"]
[BlackRD "na"]
[TimeControl "120+0"]
[Date "1999.10.12"]
[Time "09:00:00"]
[WhiteClock "0:02:00.000"]
[BlackClock "0:02:00.000"]
[ECO "D00"]
[PlyCount "89"]
[Result "1-0"]

1. d4 d5 2. Bg5 f6 3. Bh4 c5 4. e3 Nc6 5. Nc3 e5 6. dxe5 Be6 7. exf6 Nxf6 8. Bxf6 gxf6 9. Nf3 Qa5 10. Bb5 O-O-O 11. Bxc6 bxc6 12. a3 Kb8 13. Qe2 Ka8 14. O-O Bd6 15. b4 Qc7 16. bxc5 Bxc5 17. Rfb1 Rb8 18. Na4 Bd6 19. Qa6 Rb7 20. Nd4 Bd7 21. Rxb7 Qxb7 22. Qxb7+ Kxb7 23. Rb1+ Kc7 24. g3 Bxa3 25. Ra1 Bd6 26. Nc3 Ra8 27. e4 dxe4 28. Nxe4 Be5 29. c3 a5 30. f4 Bxd4+ 31. cxd4 a4 32. Nc5 a3 33. Nxd7 Kxd7 34. Kf2 Kd6 35. Ra2 Kd5 36. Ke3 Kc4 37. h4 Kb3 38. Ra1 a2 39. g4 Kb2 40. Rh1 a1=Q 41. Rxa1 Rxa1 42. g5 fxg5 43. fxg5 Kc3 44. Kf4 Kxd4 45. h5 {Black forfeits on time} 1-0

[Event "FICS rated blitz game"]
[Site "FICS freechess.org"]
[FICSGamesDBGameNo "20002546"]
[White "Marsel"]
[Black "friedl"]
[WhiteElo "1450"]
[BlackElo "1484"]
[WhiteRD "na"]
[BlackRD "na"]
[TimeControl "180+0"]
[Date "1999.10.12"]
[Time "07:44:00"]
[WhiteClock "0:03:00.000"]
[BlackClock "0:03:00.000"]
[ECO "D50"]
[PlyCount "84"]
[Result "1/2-1/2"]

1. d4 d5 2. c4 Nf6 3. Nc3 e6 4. Bg5 Bb4 5. Qc2 h6 6. Bh4 O-O 7. Nf3 Nbd7 8. e3 c5 9. cxd5 exd5 10. dxc5 Qa5 11. Rc1 Bxc3+ 12. Qxc3 Qxc3+ 13. Rxc3 a6 14. Bd3 Re8 15. O-O Ne4 16. Bxe4 dxe4 17. Nd2 Ne5 18. h3 Nd3 19. c6 bxc6 20. Rxc6 Bd7 21. Rd6 Bb5 22. Rb1 Rac8 23. b3 Rc2 24. a4 Rxd2 25. axb5 axb5 26. Rb6 b4 27. Ra1 Rb2 28. Ra7 Rxb3 29. Rbb7 Ne5 30. Bg3 Rb1+ 31. Kh2 b3 32. Bxe5 b2 33. Bxb2 Rxb2 34. Rxb2 Rc8 35. Rbb7 Rf8 36. Kg3 g6 37. Kf4 h5 38. Kxe4 Re8+ 39. Kf4 Rf8 40. Ke4 Re8+ 41. Kf4 Rf8 42. Ke4 Re8+ {Game drawn by repetition} 1/2-1/2

[Event "FICS rated blitz game"]
[Site "FICS freechess.org"]
[FICSGamesDBGameNo "20002545"]
[White "Saki"]
[Black "bmilk"]
[WhiteElo "1775"]
[BlackElo "1654"]
[WhiteRD "na"]
[BlackRD "na"]
[TimeControl "240+0"]
[Date "1999.10.12"]
[Time "07:19:00"]
[WhiteClock "0:04:00.000"]
[BlackClock "0:04:00.000"]
[ECO "B32"]
[PlyCount "111"]
[Result "1/2-1/2"]

1. e4 c5 2. Nf3 Nc6 3. d4 cxd4 4. Nxd4 e5 5. Nb5 a6 6. Nd6+ Bxd6 7. Qxd6 Qf6 8. Qxf6 Nxf6 9. f3 d5 10. exd5 Nb4 11. Na3 Bf5 12. Kd1 O-O-O 13. c4 e4 14. Bd2 Nd3 15. fxe4 Nf2+ 16. Ke1 N6xe4 17. Be3 Nxh1 18. Be2 Nhg3 19. hxg3 Nxg3 20. Bf3 Rhe8 21. Kf2 Ne4+ 22. Bxe4 Rxe4 23. b3 Rde8 24. Bc5 Re2+ 25. Kf3 f6 26. g4 R8e3+ 27. Bxe3 Bxg4+ 28. Kxg4 Rxe3 29. Nc2 Re2 30. Nb4 g6 31. Rd1 f5+ 32. Kg5 Rg2+ 33. Kh6 Rh2+ 34. Kg7 f4 35. d6 f3 36. Nd3 Re2 37. d7+ Kd8 38. Nf4 Re4 39. Kxh7 Rxf4 40. Kxg6 f2 41. Rf1 Kxd7 42. Kg5 Rf8 43. Kg4 Kc6 44. Kg3 Kc5 45. a3 a5 46. Rxf2 Rg8+ 47. Kh4 a4 48. bxa4 Kxc4 49. Rb2 Rg7 50. Kh5 Kc3 51. Rb4 Kc2 52. Kh6 Rg3 53. Rxb7 Rxa3 54. Ra7 Kb3 55. a5 Kb4 56. a6 {Game drawn by mutual agreement} 1/2-1/2

[Event "FICS rated blitz game"]
[Site "FICS freechess.org"]
[FICSGamesDBGameNo "20002544"]
[White "ddp"]
[Black "rollerball"]
[WhiteElo "1587"]
[BlackElo "1656"]
[WhiteRD "na"]
[BlackRD "na"]
[TimeControl "180+0"]
[Date "1999.10.12"]
[Time "06:52:00"]
[WhiteClock "0:03:00.000"]
[BlackClock "0:03:00.000"]
[ECO "C01"]
[PlyCount "35"]
[Result "1/2-1/2"]

1. e4 e6 2. d4 d5 3. exd5 exd5 4. Bf4 Nc6 5. c3 Bf5 6. Bd3 Nge7 7. Ne2 Qd7 8. O-O Ng6 9. Bg3 Be7 10. Nf4 O-O 11. Qf3 Nxf4 12. Bxf4 Bxd3 13. Qxd3 Bd6 14. Bg3 Rfe8 15. Nd2 Ne7 16. Rfe1 Ng6 17. Re2 c6 18. Rae1 {Game drawn by mutual agreement} 1/2-1/2

[Event "FICS rated blitz game"]
[Site "FICS freechess.org"]
[FICSGamesDBGameNo "20002542"]
[White "killermove"]
[Black "Bjoern"]
[WhiteElo "2014"]
[BlackElo "1978"]
[WhiteRD "na"]
[BlackRD "na"]
[TimeControl "180+0"]
[Date "1999.10.12"]
[Time "06:41:00"]
[WhiteClock "0:03:00.000"]
[BlackClock "0:03:00.000"]
[ECO "C88"]
[PlyCount "123"]
[Result "1-0"]

1. e4 e5 2. Nf3 Nc6 3. Bb5 a6 4. Ba4 Nf6 5. O-O Be7 6. Re1 b5 7. Bb3 d6 8. h3 Na5 9. c3 Nxb3 10. axb3 O-O 11. b4 h6 12. d3 Be6 13. Be3 c6 14. Qc2 a5 15. bxa5 Rxa5 16. Rxa5 Qxa5 17. Nbd2 Re8 18. d4 exd4 19. Nxd4 Bd7 20. Bf4 c5 21. N4b3 Qb6 22. Ra1 Bc6 23. f3 Nh5 24. Be3 d5 25. exd5 Bxd5 26. Qf5 Bxb3 27. Nxb3 Nf6 28. Bxc5 Bxc5+ 29. Qxc5 Qb8 30. Qf2 Qf4 31. Nd4 b4 32. Re1 Rc8 33. Qe3 Qd6 34. Nf5 Qc7 35. Ne7+ Kh7 36. Nxc8 Qxc8 37. cxb4 Qc2 38. Qc3 Qf5 39. Rc1 h5 40. Qc2 Kg6 41. b5 h4 42. b6 Nd7 43. b7 f6 44. Qxf5+ Kxf5 45. Rc8 g5 46. b8=Q Nxb8 47. Rxb8 Ke5 48. Kf2 Kf4 49. Rc8 f5 50. b4 g4 51. fxg4 fxg4 52. hxg4 Kxg4 53. b5 h3 54. gxh3+ Kxh3 55. b6 Kg4 56. b7 Kf4 57. Re8 Kf5 58. b8=Q Kg5 59. Qg3+ Kh6 60. Re5 Kh7 61. Rg5 Kh6 62. Qh4# {Black checkmated} 1-0